AoeStats
← 漂亮国五星上将艾森豪威尔下士

Arena

510710595Analyzed
1v1 RM · 16h ago on Oct 2, 2026· 37m 32s· 2 players
Game mode
Random Map
Map size
Tiny (2 player)
Population
200
Speed
Normal
Resources
Standard
Victory
Conquest
Starting age
Dark Age
Ending age
Imperial Age
RankedLock teamsTeams togetherTeam positionsShared explorationLock speedFull tech treeHidden civsTurbo modeCheats
Victory
Defeat
🇭🇰 Teutons · Hong Kong SAR China
841
+16
🇨🇳 Sicilians · China
838
-16
Sky-X
12:06 Feudal Age
12:37 Loom
15:58 Wheelbarrow
17:06 Horse Collar
17:20 Gold Mining
19:22 Double-Bit Axe
21:39 Stone Mining
24:30 Forging
24:11 Fletching
28:14 Castle Age
27:02 Town Watch
29:05 Forging
28:52 Bodkin Arrow
29:18 Hand Cart
30:11 Bloodlines
35:22 Husbandry
37:25 Iron Casting
漂亮国五星上将艾森豪威尔下士
10:54 Feudal Age
15:25 Castle Age
13:39 Double-Bit Axe
24:34 Wheelbarrow
25:45 Squires
25:06 Pikeman
26:43 Hand Cart
27:46 Scale Mail Armor
27:56 Forging
27:34 Arson
27:59 Gold Mining
29:43 Bow Saw
30:58 Chain Mail Armor
31:19 Iron Casting
34:26 Imperial Age
32:59 Scale Barding Armor
34:01 Bloodlines
34:22 Chain Barding Armor
36:10 Plate Mail Armor
36:41 Blast Furnace
36:32 Elite Teutonic Knight
36:44 Halberdier
38:26 Plate Barding Armor
Connection lost

Rejoining the realm…

Still unreachable

The connection could not be restored.

Session expired

The server has moved on; the page needs a fresh start.